 Seeded DCSS version 0.30.1-9-gdf580d7c3d (webtiles) character file.

Game seed: 15660985446129201502 (custom seed)

7763 AccursedSamuel the Cleaver (level 11, -7/69 HPs)
             Began as a Tengu Monk on Oct 11, 2023.
             Was a High Priest of the Shining One.
             Mangled by Frances
             ... wielding a +0 flail
              (14 damage)
             ... on level 12 of the Dungeon.
             The game lasted 00:15:57 (8877 turns).

AccursedSamuel the Cleaver (Tengu Monk)             Turns: 8877, Time: 00:15:58

Health: -7/69      AC: 12    Str: 15    XL:     11   Next: 20%
Magic:  12/12      EV: 18    Int: 13    God:    the Shining One [*****.]
Gold:   303        SH:  5    Dex: 17    Spells: 10/10 levels left

rFire   + + .        e - +9 broad axe of Hacking and Slashing {heavy, *Corrode +Blink rF++ Int+2}
rCold   + . .        d - orb {light}
rNeg    + + .        C - +0 troll leather armour
rPois   .            (helmet restricted)
rElec   .            g - +2 cloak {Stlth+}
rCorr   .            (no gloves)
SInv    .            (boots unavailable)
Will    .....        A - amulet of reflection
Stlth   ++           i - ring of protection from cold
HPRegen 1.11/turn    o - +4 ring of protection
MPRegen 0.13/turn

%: corrode self (3%), reflection
@: flying quickly and evasively, glowing, quick
A: beak, talons 3, nimble flight
a: Renounce Religion, Evoke Blink, Divine Shield, Cleansing Flame, Summon Divine
Warrior


You were on level 12 of the Dungeon.
You worshipped the Shining One.
The Shining One was extremely pleased with you.
You visited 1 branch of the dungeon, and saw 10 of its levels.

You collected 663 gold pieces.
You spent 360 gold pieces at shops.

Inventory:

Hand Weapons
 e - the +9 broad axe of Hacking and Slashing (weapon) {heavy, *Corrode +Blink rF++ Int+2}
   (You acquired it on level 1 of the Dungeon)

   Int:       It affects your intelligence (+2).
   rF:        It greatly protects you from fire.
   +Blink:    It lets you blink.
   *Corrode:  It may corrode you when you take damage.
Armour
 d - an orb of light (worn)
 g - a +2 cloak of stealth (worn)
 y - a +3 chain mail of cold resistance
 C - a +0 troll leather armour (worn)
Jewellery
 i - a ring of protection from cold (left hand)
 o - a +4 ring of protection (right hand)
 A - an amulet of reflection (around neck)
 D - an amulet of guardian spirit
Wands
 t - a wand of iceblast (8)
Scrolls
 b - 2 scrolls of enchant weapon {unknown}
 f - 8 scrolls of teleportation
 h - a scroll of enchant armour
 m - 6 scrolls of identify
 q - a scroll of fog
 r - 2 scrolls of blinking
 s - a scroll of silence {unknown}
 x - a scroll of vulnerability {unknown}
 B - a scroll of fear {unknown}
Potions
 a - a potion of heal wounds
 c - a potion of berserk rage {unknown}
 j - a potion of might {unknown}
 k - 3 potions of attraction
 l - a potion of ambrosia
 n - 2 potions of flight
 p - a potion of magic
 u - 3 potions of haste
 v - a potion of invisibility {unknown}
 w - 2 potions of lignification


   Skills:
 + Level 8.4 Fighting
 + Level 13.8 Axes
 + Level 6.5 Armour
 + Level 6.7 Dodging
 + Level 2.8 Stealth
 + Level 1.0 Shields


You had 10 spell levels left.
You didn't know any spells.
Your spell library contained the following spells:

 Spells                   Type           Power      Damage    Failure   Level
 Lesser Beckoning         Tloc           0%         N/A       50%         2
 Gell's Gravitas          Tloc           0%         N/A       73%         3
 Ignite Poison            Fire/Tmut/Pois 0%         N/A       73%         3
 Teleport Other           Tloc           0%         N/A       73%         3
 Sticky Flame             Conj/Fire      0%         2d3       98%         4
 Ignition                 Fire           0%         3d3       100%        8


Dungeon Overview and Level Annotations

Branches:
Dungeon (12/15)            Temple (0/1) D:7             Orc (0/2) D:12
   Lair: D:8-11

Altars:
Elyvilon
Ru
Uskayaw
Wu Jian
The Shining One

Shops:
D:12 =

Annotations:
D:2 1 runed translucent door, Crazy Yiuf
D:6 3 runed translucent doors, kaesle's ghost, novice HOFi
D:12 Frances


Innate Abilities, Weirdness & Mutations

You have a beak for a mouth.
You have claws for feet.
Your magical nature lets you fly swiftly and evasively.


Message History

There is an open door here.
Found a stone staircase leading down.
You reach down and open the door.
There is an open door here.
Frances, Duchess of Pandemonium comes into view.
She is wielding a +0 flail and wearing a +2 chain mail of cold resistance.
There is an open door here.
Unknown command.
You slice Frances!! You claw Frances, but do no damage.
Frances is moderately wounded.
Frances screams a word of power!
Frances seems to speed up.
You barely miss Frances. You claw Frances, but do no damage.
Frances is moderately wounded.
Frances hits you with a +0 flail! Frances completely misses you.
You hit Frances. Your peck misses Frances.
Frances is moderately wounded.
Frances hits you with a +0 flail. Frances completely misses you.
You slash Frances! You claw Frances.
Frances is moderately wounded.
Frances whispers indecipherable words.
Frances hits you but does no damage.
You slash Frances! You claw Frances, but do no damage.
Frances is heavily wounded.
You slice the ynoxinul!! Frances barely misses you.
Frances hits you but does no damage. The ynoxinul completely misses you.
You hit Frances. You claw Frances. Your peck misses Frances.
Frances is heavily wounded.
You slice the ynoxinul!!
You kill the ynoxinul!
The ynoxinul disappears in a puff of smoke!
Frances hits you with a +0 flail!!
Frances mutters in a terrible tongue.
Frances mutters a nigh-unspeakable word.
Frances completely misses you.
You slash Frances! You claw Frances, but do no damage.
Frances is severely wounded.
Frances hits you with a +0 flail!!
* * * LOW HITPOINT WARNING * * *
Frances hits you with a +0 flail!
You die...

#.....# #.!....... .....
###.....#### #..........
#.....
>.#........###..........
#.....
#.......##..##..........
#.....
###.....###.##..........
#..... #.....#
#.##.......... #.....
#.....# #.##..........
#..... #.....#
#..'...4...... +.....
#.....# ####..@@......
#..... #.....#
####+###### ######
###.### ..# #.###
######.## ####### #...#
#...<...# #......
####'##
###.......#####...... #
#.....#
..........#.......... #
#.....#
#....<..#.###...... #
#.....+ #.......#.#
#......


You could see Frances (fast) and a chaos spawn (summoned).

Vanquished Creatures
  A boulder beetle (D:12)
  An ugly thing (D:11)
  2 gargoyles (D:12)
  An unseen horror (D:11)
  A kobold demonologist (D:11)
  2 trolls
  Sigmund (D:4)
  7 yaks
  A vampire (D:11)
  A basilisk (D:12)
  A steam dragon (D:7)
  3 vampire mosquitoes (D:12)
  Menkaure (D:6)
  Edmund (D:5)
  3 wargs (D:12)
  A water moccasin (D:8)
  An orc warrior (D:7)
  A sky beast (D:7)
  9 centaurs
  2 ogres
  A kobold brigand (D:11)
  A gnoll sergeant (D:7)
  3 scorpions
  4 wights (D:6)
  A howler monkey (D:6)
  5 hounds
  3 quasits (D:5)
  3 orc priests
  5 iguanas
  4 orc wizards
  Jessica (D:2)
  2 sleepcaps
  Ijyb (D:4)
  4 adders
  8 gnolls
  4 shadow imps
  2 white imps (D:5)
  7 ufetubi
  A worm (D:4)
  4 dart slugs
  20 orcs
  9 endoplasms
  2 giant cockroaches (D:2)
  8 goblins
  9 hobgoblins
  8 kobolds
  6 quokkas
  6 ball pythons
  3 bats
  7 frilled lizards
  8 rats
  A spectral kobold (D:2)
192 creatures vanquished.

Notes
Turn   | Place    | Note
-------+----------+-------------------------------------------
     0 | D:1      | AccursedSamuel the Tengu Monk began the quest for the Orb.
     0 | D:1      | Reached XP level 1. HP: 14/14 MP: 2/2
    73 | D:1      | Identified a scroll of acquirement
    73 | D:1      | Acquired the +9 broad axe of Hacking and Slashing {heavy,
                  | *Corrode +Blink rF++ Int+2}
    97 | D:1      | Reached XP level 2. HP: 12/19 MP: 3/3
   545 | D:1      | Reached XP level 3. HP: 23/23 MP: 4/4
   909 | D:2      | Found a faded altar of an unknown god.
   914 | D:2      | Reached skill level 4 in Axes
   941 | D:2      | Prayed at the altar of an unknown god.
   941 | D:2      | Became a worshipper of the Shining One
   941 | D:2      | Reached * piety under the Shining One
   941 | D:2      | Reached ** piety under the Shining One
  1023 | D:2      | Found a runed translucent door.
  1024 | D:2      | Noticed Crazy Yiuf
  1253 | D:2      | Reached *** piety under the Shining One
  1345 | D:2      | Noticed Jessica
  1349 | D:2      | Reached XP level 4. HP: 28/28 MP: 5/5
  1350 | D:2      | Killed Jessica
  1639 | D:3      | Reached skill level 5 in Axes
  1639 | D:3      | Gained mutation: Your magical nature lets you fly swiftly
                  | and evasively. [Tengu growth]
  1639 | D:3      | Reached XP level 5. HP: 33/33 MP: 6/6
  1768 | D:3      | Found an ornate altar of the Wu Jian Council.
  2492 | D:4      | Reached XP level 6. HP: 38/38 MP: 7/7
  2586 | D:4      | Reached skill level 6 in Axes
  2766 | D:4      | Noticed Sigmund
  2769 | D:4      | Noticed Ijyb
  2771 | D:4      | Killed Sigmund
  2772 | D:4      | Reached skill level 7 in Axes
  2772 | D:4      | Reached XP level 7. HP: 40/44 MP: 8/8
  2773 | D:4      | Killed Ijyb
  3467 | D:5      | Entered Level 5 of the Dungeon
  3476 | D:5      | Reached skill level 1 in Stealth
  3713 | D:5      | Found a sacrificial altar of Ru.
  3715 | D:5      | Reached skill level 5 in Fighting
  3863 | D:5      | Reached **** piety under the Shining One
  3868 | D:5      | Reached skill level 5 in Dodging
  3869 | D:5      | Reached skill level 8 in Axes
  3942 | D:5      | Reached XP level 8. HP: 47/49 MP: 9/9
  4205 | D:5      | Noticed Edmund
  4210 | D:5      | HP: 1/49 [Edmund/+2 heavy dire flail (8)]
  4212 | D:5      | Killed Edmund
  4552 | D:5      | Found a white marble altar of Elyvilon.
  5328 | D:6      | Noticed a yak
  5328 | D:6      | Noticed a yak
  5329 | D:6      | Noticed a yak
  5357 | D:6      | Killed a yak
  5358 | D:6      | Reached skill level 9 in Axes
  5362 | D:6      | Killed a yak
  5363 | D:6      | Reached skill level 1 in Armour
  5364 | D:6      | Killed a yak
  5542 | D:6      | Reached XP level 9. HP: 55/55 MP: 10/10
  5555 | D:6      | Reached skill level 10 in Axes
  5575 | D:6      | Found a hide-covered altar of Uskayaw.
  5882 | D:6      | Found a runed translucent gate.
  5882 | D:6      | Found a runed translucent gate.
  5882 | D:6      | Found a runed translucent gate.
  5883 | D:6      | Noticed kaesle's ghost (novice HOFi)
  6054 | D:6      | Noticed Menkaure
  6061 | D:6      | Killed Menkaure
  6768 | D:7      | Found a staircase to the Ecumenical Temple.
  6929 | D:7      | Reached skill level 11 in Axes
  7266 | D:8      | You are sucked into a shaft and drop 3 floors!
  7324 | D:11     | Reached XP level 10. HP: 61/61 MP: 11/11
  7328 | D:11     | Reached skill level 5 in Armour
  7531 | D:11     | Noticed a kobold demonologist
  7532 | D:11     | Noticed a red ugly thing
  7554 | D:11     | Killed a red ugly thing
  7555 | D:11     | Reached skill level 12 in Axes
  7562 | D:11     | Killed a kobold demonologist
  7562 | D:11     | Reached ***** piety under the Shining One
  7592 | D:11     | Noticed an unseen horror
  7607 | D:11     | Killed an unseen horror
  8376 | D:12     | Found Noczepri's Jewellery Boutique.
  8386 | D:12     | Bought an amulet of guardian spirit for 360 gold pieces
  8408 | D:12     | Identified the +9 quarterstaff of the Shrike {drain, rC+
                  | Int+3}
  8415 | D:12     | Noticed a gargoyle
  8420 | D:12     | Killed a gargoyle
  8421 | D:12     | Reached skill level 13 in Axes
  8582 | D:12     | Found a staircase to the Orcish Mines.
  8582 | D:12     | Noticed a gargoyle
  8593 | D:12     | Reached XP level 11. HP: 66/68 MP: 12/12
  8733 | D:12     | Noticed a boulder beetle
  8745 | D:12     | HP: 2/68 [boulder beetle (30)]
  8747 | D:12     | Killed a boulder beetle
  8748 | D:12     | Reached skill level 1 in Shields
  8865 | D:12     | Noticed Frances
  8877 | D:12     | Mangled by Frances

Illustrated notes

Levels and vault maps discovered:
D:1:      minmay_arrival_pointy, layout_loops_ring, minmay_gold_behind_fungi
D:2:      layout_basic, dreamdust_ecumenical_altar_drowned_temple,
          hangedman_decor_clover_reticule, fountainhead,
          uniq_crazy_yiuf_cottage, uniq_jessica
D:3:      layout_loops_ring, general_overflow_altar, serial_bayou_pond_d
D:4:      layout_basic, nicolae_eternal_life, uniq_ijyb, uniq_sigmund
D:5:      layout_layer_cave, mainiacjoe_overflow_small_starburst,
          elyvilon_altar_1, serial_demonic, serial_demonic_e, serial_demonic_b,
          serial_demonic_e, serial_demonic_a, serial_demonic_e,
          serial_demonic_e, serial_demonic_g, serial_demonic_a,
          serial_demonic_d, serial_demonic_g, uniq_edmund
D:6:      layout_basic, nicolae_uskayaw_suspiria, ebering_ghost_rock_garden,
          minivault_22, uniq_menkaure
D:7:      layout_cave_pools, minmay_temple_entry_junction_2, hex_tiny,
          nicolae_kite_square_tiling_tiny
D:8:      gammafunk_corrupted_shrine, layout_loops_cross, lemuel_crystal_altar,
          minmay_lair_entry_grove, hangedman_misty_isle
D:11:     layout_basic, dk_noncrumbling_4
D:12:     layout_roguey, minmay_orc_entry_guard_dogs, serial_shops, shop_statue,
          uniq_frances

Skill      XL: |  1  2  3  4  5  6  7  8  9 10 11 |
---------------+----------------------------------+-----
Axes           | 4 5 7 8 9 11 13 | 13.8
Dodging        | 4 5 6 |  6.7
Fighting       | 4 5 6 8 |  8.4
Stealth        | 1 2 |  2.8
Armour         | 2 4 6 |  6.5
Shields        | 1 |  1.0

Action                     |  1- 3 |  4- 6 |  7- 9 | 10-12 || total
---------------------------+-------+-------+-------+-------++-------
  Melee: Hand axe          |     9 |       |       |       ||     9
         Kick              |     8 |     9 |    31 |    28 ||    76
         Broad axe         |    47 |    49 |   113 |    77 ||   286
         Peck              |     6 |     2 |    16 |    12 ||    36
    Use: Scroll            |     1 |       |     8 |       ||     9
         Potion            |     1 |       |     9 |     1 ||    11
 Armour: Robe              |     8 |     4 |     5 |       ||    17
         Chain mail        |       |       |    78 |    20 ||    98
         Troll leather arm |       |       |       |    27 ||    27
  Dodge: Dodged            |    42 |    29 |   141 |    98 ||   310
  Block: Orb               |       |       |       |    11 ||    11
